 Dungeon Crawl Stone Soup version 0.26.0-18-gc5c842f807 (webtiles) character file.

Game seed: 4668826259725175910

2714 Lorrdernie the Destroyer (level 9, 0/62 HPs)
             Began as a Yellow Draconian Conjurer on Jan 24, 2021.
             Was a Follower of Vehumet.
             Succumbed to Psyche's poison
             ... on level 8 of the Dungeon.
             The game lasted 00:13:11 (9177 turns).

Lorrdernie the Destroyer (DrCj)                     Turns: 9177, Time: 00:13:11

Health: 0/62       AC:  8    Str: 10    XL:     9   Next: 39%
Magic:  4/18       EV: 12    Int: 22    God:    Vehumet [*.....]
Gold:   514        SH:  0    Dex: 15    Spells: 9/20 levels left

rFire    . . .     SeeInvis .   f - +3 dagger (venom)
rCold    . . .     Faith    +   (no shield)
rNeg     . . .     Spirit   .   (armour unavailable)
rPois    .         Reflect  .   (helmet restricted)
rElec    .         Harm     .   (no cloak)
rCorr    +         Rampage  .   t - +0 pair of gloves
Will     .....                  (no boots)
Stlth    +++.......             A - amulet of faith
HPRegen  0.20/turn              h - +6 ring of dexterity
MPRegen  0.16/turn              p - ring of stealth

@: lethally poisoned (0 -> -3), about to teleport, short of breath, attractive
A: spit acid, unfitting armour, cold-blooded, acid resistance, AC +7
a: Breathe Acid, Renounce Religion


You were on level 8 of the Dungeon.
You worshipped Vehumet.
Vehumet was aware of your devotion.
You visited 2 branches of the dungeon, and saw 9 of its levels.

You collected 514 gold pieces.

Inventory:

Hand Weapons
 f - a +3 dagger of venom (weapon)
Armour
 t - a +0 pair of gloves (worn)
Jewellery
 h - a +6 ring of dexterity (left hand)
 p - a ring of stealth (right hand)
 A - an amulet of faith (around neck)
Scrolls
 b - 9 scrolls of identify
 c - 2 scrolls of magic mapping
 i - 4 scrolls of enchant weapon
 j - a scroll of amnesia
 k - 3 scrolls of enchant armour
 v - a scroll of noise {unknown}
 x - 2 scrolls of remove curse
 y - a scroll of immolation {unknown}
 z - a scroll of blinking
Potions
 a - 3 potions of might {unknown}
 d - 3 potions of lignification
 e - 3 potions of mutation {unknown}
 g - 3 potions of curing {unknown}
 l - 2 potions of brilliance {unknown}
 m - 4 potions of attraction
 n - 4 potions of degeneration {unknown}
 q - a potion of ambrosia {unknown}
 r - a potion of flight {unknown}
 s - 2 potions of magic {unknown}
 u - 4 potions of heal wounds {unknown}
 w - 3 potions of haste {unknown}
 B - a potion of invisibility {unknown}


   Skills:
 - Level 1.7 Dodging
 - Level 1.7 Stealth
 - Level 6.0 Spellcasting
 * Level 10.8 Conjurations
 - Level 3.0 Hexes
 - Level 3.3 Translocations


You had 9 spell levels left.
You knew the following spells:

 Your Spells              Type           Power        Failure   Level
a - Magic Dart            Conj           100%         1%          1
b - Searing Ray           Conj           100%         1%          2
c - Iskenderun's Mystic   Conj/Tloc      37%          4%          4
d - Fulminant Prism       Conj/Hex       18%          5%          4

Your spell library contained the following spells:

 Spells                   Type           Power        Failure   Level
 Freeze                   Ice            24%          9%          1
 Dazzling Flash           Conj/Hex       74%          1%          3


Dungeon Overview and Level Annotations

Branches:
Dungeon (8/15)             Temple (1/1) D:4
   Lair: D:8-11

Altars:
Ashenzari
Cheibriados
Dithmenos
Elyvilon
Fedhas
Gozag
Hepliaklqana
Makhleb
Nemelex Xobeh
Okawaru
Qazlal
Ru
Sif Muna
Trog
Uskayaw
Vehumet
Wu Jian
Xom
Yredelemnul
Zin
The Shining One

Annotations:
D:8 Psyche


Innate Abilities, Weirdness & Mutations

You can spit globs of acid.
Your golden yellow scales are hard. (AC +7)
You cannot fit into any form of body armour.
You are cold-blooded and may be slowed by cold attacks.
You are resistant to acid. (rCorr)


Message History

Psyche seems to speed up.
You have got your breath back.
Psyche gestures at you while chanting. The puff of frost misses you.
As you read the scroll of teleportation, it crumbles to dust.
You feel strangely unstable. Psyche completely misses you.
Okay, then.
Press: ? - help, Shift-Dir - straight line, f - Psyche
Aim: Psyche, wielding a +3 dagger of chaos and wearing a +1 robe (fast)
You spit a glob of acid.
The glob of acid hits Psyche!
Psyche is splashed with acid.
The acid corrodes Psyche!
Psyche is moderately wounded.
Psyche hits you with a +3 dagger of chaos!
* * * LOW HITPOINT WARNING * * *
Psyche hits you but does no damage.
You are lethally poisoned!
Unknown command.
It was a potion of attraction.
You feel attractive to monsters.
You die...

.......# ##....### ....#
....)..# ##.......# #...##
.......# ##.......## #....#
.......###........# #....#.
........#.........# #....#.
...#...).........## #....#. .#
#.............##### ###..>..#
#.................####..<....#
#...........@@................
#...........#######..........#
#...(.......# ##........##
..#.........## #[<......##
####.........### ##.........#
##.....##...####..........##
###..####.†..##...........#
### ###...............#
##..............#


You could see Psyche (fast, corroded).

Vanquished Creatures
  Pikel (D:4)
  Joseph (D:8)
  Menkaure (D:6)
  Edmund (D:4)
  2 ogres
  3 centaurs
  3 lemures (D:4)
  3 bullfrogs
  2 scorpions
  A water moccasin zombie (D:4)
  A howler monkey (D:4)
  A jelly (D:7)
  3 hounds
  6 orc wizards
  3 orc priests
  2 iguanas (D:7)
  7 worker ants
  2 hound zombies
  A hound skeleton (D:4)
  A howler monkey zombie (D:7)
  A worker ant zombie (D:6)
  11 adders
  A gnoll (D:1)
  A shadow imp (D:7)
  3 white imps
  2 ufetubi
  2 adder skeletons
  4 worms
  3 dart slugs
  7 leopard geckos
  20 orcs
  4 giant cockroaches
  10 hobgoblins
  7 jackals
  6 quokkas
  A ball python (D:4)
  6 bats
  7 frilled lizards
  8 goblins
  13 kobolds
  A leopard gecko skeleton (D:4)
  A leopard gecko zombie (D:8)
  7 rats
  A fulminant prism (D:8)
172 creatures vanquished.

Vanquished Creatures (others)
  A fulminant prism (D:8)
  3 plants (D:4)
4 creatures vanquished.

Grand Total: 176 creatures vanquished

Notes
Turn   | Place    | Note
-------+----------+-------------------------------------------
     0 | D:1      | Lorrdernie the Draconian Conjurer began the quest for the
                  | Orb.
     0 | D:1      | Reached XP level 1. HP: 14/14 MP: 3/3
   230 | D:1      | Reached XP level 2. HP: 16/20 MP: 3/5
   370 | D:1      | Learned a level 2 spell: Searing Ray
   941 | D:1      | Reached XP level 3. HP: 26/26 MP: 2/6
  1348 | D:2      | Found an opulent altar of Gozag.
  1348 | D:2      | Found a hazy altar of Hepliaklqana.
  1431 | D:2      | Reached skill level 5 in Conjurations
  1491 | D:2      | Reached XP level 4. HP: 31/33 MP: 0/8
  1812 | D:2      | Noticed an ogre
  1819 | D:2      | Killed an ogre
  1820 | D:2      | Reached XP level 5. HP: 38/38 MP: 3/9
  2165 | D:2      | Reached skill level 6 in Conjurations
  2904 | D:3      | Reached XP level 6. HP: 43/45 MP: 5/11
  2919 | D:3      | Learned a level 4 spell: Iskenderun's Mystic Blast
  3011 | D:3      | Found a glowing silver altar of Zin.
  3249 | D:3      | Found a shimmering blue altar of Sif Muna.
  3249 | D:3      | Found a glowing golden altar of the Shining One.
  3297 | D:3      | Found a shimmering altar of Xom.
  3299 | D:3      | Found a snail-covered altar of Cheibriados.
  3300 | D:3      | Found a hide-covered altar of Uskayaw.
  3660 | D:3      | Reached skill level 1 in Translocations
  3915 | D:4      | Noticed Pikel
  3934 | D:4      | Killed Pikel
  3935 | D:4      | Reached skill level 7 in Conjurations
  3935 | D:4      | Your scales start taking on a golden yellow colour.
  3935 | D:4      | Reached XP level 7. HP: 30/50 MP: 0/13
  3935 | D:4      | Gained mutation: You are resistant to acid. (rCorr) [Yellow
                  | Draconian growth]
  4124 | D:4      | Reached skill level 8 in Conjurations
  4379 | D:4      | Reached XP level 8. HP: 57/57 MP: 11/15
  4823 | D:4      | Found a staircase to the Ecumenical Temple.
  4887 | D:4      | Reached skill level 5 in Spellcasting
  4906 | Temple   | Entered the Ecumenical Temple
  5127 | D:4      | Noticed Edmund
  5141 | D:4      | Killed Edmund
  5307 | D:4      | Reached skill level 9 in Conjurations
  5784 | D:5      | Entered Level 5 of the Dungeon
  6200 | D:5      | Found a radiant altar of Vehumet.
  6220 | D:5      | Became a worshipper of Vehumet
  6455 | D:5      | Learned a level 4 spell: Fulminant Prism
  6855 | D:6      | Reached skill level 1 in Hexes
  7618 | D:6      | Noticed Menkaure
  7625 | D:6      | Killed Menkaure
  7783 | D:6      | Reached XP level 9. HP: 62/62 MP: 17/17
  8072 | D:7      | Reached skill level 10 in Conjurations
  8097 | D:7      | Found a stormy altar of Qazlal.
  8109 | D:7      | Reached * piety under Vehumet
  8109 | D:7      | Offered knowledge of Freeze by Vehumet.
  9148 | D:8      | Noticed Joseph
  9164 | D:8      | Noticed Psyche
  9166 | D:8      | Killed Joseph
  9176 | D:8      | HP: 1/62 [Psyche/+3 dagger of chaos (8)]
  9177 | D:8      | Succumbed to Psyche's poison

Illustrated notes

Levels and vault maps discovered:
D:1:      psy_arrival_basics, layout_basic, chequers_serial_rivers_large_a
D:2:      layout_basic, chequers_temple_overflow_statue_of_worship,
          hangedman_decor_lopped, kennysheep_decorative_pillar
D:3:      layout_loops_corners, gammafunk_temple_overflow_statue, minitemple,
          lemuel_round_altar, minmay_diced_spiral
D:4:      minmay_razor_zed, layout_loops_ring,
          minmay_temple_entry_gardened_gates, uniq_pikel, uniq_edmund
D:5:      layout_cave_pods, kennysheep_vampire_church, kennysheep_little_box
D:6:      layout_basic, uniq_menkaure
D:7:      layout_loops_corners, nicolae_qazlal_style_of_elements
D:8:      layout_cave_pods, uniq_joseph, uniq_psyche
Temple:   hc_temple_tempest_star

Skill      XL: |  1  2  3  4  5  6  7  8  9 |
---------------+----------------------------+-----
Conjurations   | 5 6 7 8 9 10 | 10.8
Spellcasting   | 3 4 5 6 |  6.0
Translocations | 3 |  3.3
Hexes          | 1 3 |  3.0
Dodging        | |  1.7
Stealth        | |  1.7

Action                   |  1- 3 |  4- 6 |  7- 9 || total
-------------------------+-------+-------+-------++-------
Melee: Unarmed           |    29 |       |       ||    29
       Tailslap          |     3 |     1 |     6 ||    10
       Dagger            |     2 |    49 |    93 ||   144
 Cast: Magic Dart        |    51 |    48 |    47 ||   146
       Searing Ray       |     3 |    16 |    35 ||    54
       Iskenderun's Myst |       |       |     2 ||     2
       Fulminant Prism   |       |       |     2 ||     2
 Abil: Breathe Acid      |       |       |     2 ||     2
  Use: Scroll            |     2 |     9 |     1 ||    12
       Potion            |       |       |     1 ||     1
 Stab: Sleeping          |       |     2 |    12 ||    14
Armor: Skin              |    22 |    18 |    31 ||    71
Dodge: Dodged            |    28 |    37 |    68 ||   133
